[ PARTIDA AOE2 · #482742894 ]
1v1 RMEspañoles vs Malians
Equipo del jugador · DERR
Equipo rival · VICT
[ ANÁLISIS DE REPETICIÓN · EXTRAÍDO DE LA PARTIDA GRABADA ]
Feudal
10:18
Castillos
15:39
Imperial
24:15
| APM promedio | 28.2 |
| APM pico | 91 |
| eAPM promedio | 12.3 |
| Aldeanos / militares | 111 / 44 |
Foco
⚔️ 19.9% · 🌾 80.1%
Skirmisher ×22 · Cavalry Archer ×15 · Bombard Cannon ×4 · Monk ×2 · Mangonel ×1
Feudal
11:05
Castillos
14:41
Imperial
28:28
| APM promedio | 32.5 |
| APM pico | 78 |
| eAPM promedio | 19.9 |
| Aldeanos / militares | 101 / 81 |
Foco
⚔️ 30.1% · 🌾 69.9%
Gbeto ×72 · Trebuchet (Packed) ×9
Mapa de la partida
Recursos iniciales + cada clic de construcción. Líneas = muros · curvas = relieve. ◆ oro · ⬟ piedra · ● bayas · ✦ reliquia · ◌ hueco del cierre
Tu base· ✓ Cerrada en 15:39 · 0t muro · 3 puerta(s)
Base de Da_Ch1LLa· ✓ Cerrada en 14:41 · 0t muro · 2 puerta(s)
Terreno inicial suavizado · ◌ = hueco del cierre detectado · pasá el cursor para detalles
Inputs por minuto
— DoYouThinkThatsWise - - Da_Ch1LLa
Build order — DoYouThinkThatsWise
Primeras 150 de 226 acciones detectadas
| 0:00 | Crear | Villager (Male) |
| 0:01 | Crear | Villager (Male) |
| 0:01 | Crear | Villager (Male) |
| 0:02 | Construir | House |
| 0:03 | Construir | House |
| 0:22 | Crear | Villager (Male) |
| 0:22 | Crear | Villager (Male) |
| 1:35 | Crear | Villager (Male) |
| 1:35 | Crear | Villager (Male) |
| 1:49 | Construir | Lumber Camp |
| 2:01 | Crear | Villager (Male) |
| 2:02 | Crear | Villager (Male) |
| 2:02 | Crear | Villager (Male) |
| 2:20 | Crear | Villager (Male) |
| 2:20 | Crear | Villager (Male) |
| 2:21 | Crear | Villager (Male) |
| 2:47 | Crear | Villager (Male) |
| 2:47 | Crear | Villager (Male) |
| 3:12 | Construir | House |
| 3:14 | Construir | House |
| 3:29 | Crear | Villager (Male) |
| 3:29 | Crear | Villager (Male) |
| 3:37 | Crear | Villager (Male) |
| 3:37 | Crear | Villager (Male) |
| 4:42 | Crear | Villager (Male) |
| 4:42 | Crear | Villager (Male) |
| 4:57 | Crear | Villager (Male) |
| 6:00 | Crear | Villager (Male) |
| 6:01 | Crear | Villager (Male) |
| 6:32 | Construir | Mill |
| 6:53 | Crear | Villager (Male) |
| 6:53 | Crear | Villager (Male) |
| 7:32 | Crear | Villager (Male) |
| 8:06 | Investigar | Feudal Age |
| 8:16 | Construir | Mining Camp |
| 9:41 | Construir | House |
| 9:44 | Construir | House |
| 10:02 | Crear | Villager (Male) |
| 10:03 | Crear | Villager (Male) |
| 10:18 | Edad | Edad Feudal |
| 10:28 | Construir | Blacksmith |
| 10:37 | Construir | Market |
| 11:08 | Crear | Villager (Male) |
| 11:26 | Construir | Farm |
| 11:26 | Construir | Farm |
| 11:27 | Construir | Farm |
| 11:27 | Construir | Farm |
| 11:33 | Crear | Villager (Male) |
| 11:38 | Construir | Farm |
| 11:52 | Construir | Farm |
| 12:00 | Investigar | Loom |
| 12:13 | Construir | Farm |
| 12:19 | Construir | Farm |
| 12:28 | Crear | Villager (Male) |
| 12:36 | Construir | Farm |
| 12:59 | Investigar | Castle Age |
| 13:28 | Investigar | Double-Bit Axe |
| 13:53 | Investigar | Horse Collar |
| 14:00 | Construir | Farm |
| 14:03 | Construir | Farm |
| 14:24 | Construir | House |
| 14:26 | Construir | House |
| 15:33 | Construir | Barracks |
| 15:36 | Crear | Villager (Male) |
| 15:37 | Crear | Villager (Male) |
| 15:39 | Edad | Edad de los Castillos |
| 15:54 | Construir | Monastery |
| 16:06 | Crear | Villager (Male) |
| 16:22 | Crear | Monk |
| 16:22 | Crear | Monk |
| 16:53 | Crear | Villager (Male) |
| 16:53 | Crear | Villager (Male) |
| 17:09 | Construir | Siege Workshop |
| 17:35 | Crear | Villager (Male) |
| 17:48 | Construir | House |
| 17:53 | Construir | Town Center |
| 18:13 | Crear | Villager (Male) |
| 18:13 | Crear | Villager (Male) |
| 19:15 | Construir | Stone Wall |
| 19:17 | Construir | House |
| 19:21 | Crear | Villager (Male) |
| 19:22 | Crear | Villager (Male) |
| 19:35 | Construir | Stone Wall |
| 19:46 | Construir | Gate |
| 19:49 | Construir | Stone Wall |
| 20:04 | Crear | Villager (Male) |
| 20:05 | Crear | Villager (Male) |
| 20:28 | Crear | Villager (Male) |
| 20:28 | Crear | Villager (Male) |
| 21:05 | Investigar | Imperial Age |
| 21:24 | Construir | University |
| 21:30 | Construir | House |
| 21:31 | Construir | House |
| 21:32 | Construir | House |
| 21:33 | Construir | House |
| 21:48 | Crear | Villager (Male) |
| 21:48 | Crear | Villager (Male) |
| 22:11 | Construir | Siege Workshop |
| 22:21 | Investigar | Fletching |
| 22:27 | Crear | Villager (Male) |
| 22:27 | Crear | Villager (Male) |
| 23:11 | Construir | Town Center |
| 23:25 | Crear | Villager (Male) |
| 23:25 | Crear | Villager (Male) |
| 24:08 | Construir | Farm |
| 24:08 | Construir | Farm |
| 24:08 | Construir | Farm |
| 24:08 | Construir | Farm |
| 24:15 | Edad | Edad Imperial |
| 24:16 | Crear | Villager (Male) |
| 24:16 | Crear | Villager (Male) |
| 24:28 | Crear | Villager (Male) |
| 24:46 | Investigar | Chemistry |
| 25:09 | Construir | Castle |
| 25:21 | Construir | Lumber Camp |
| 25:25 | Crear | Villager (Male) |
| 25:25 | Crear | Villager (Male) |
| 25:30 | Crear | Villager (Male) |
| 25:37 | Construir | House |
| 25:44 | Crear | Villager (Male) |
| 25:44 | Crear | Villager (Male) |
| 25:53 | Crear | Villager (Male) |
| 26:10 | Construir | Farm |
| 26:12 | Crear | Villager (Male) |
| 26:12 | Crear | Villager (Male) |
| 26:37 | Crear | Bombard Cannon |
| 26:45 | Crear | Villager (Male) |
| 26:46 | Crear | Villager (Male) |
| 26:46 | Crear | Villager (Male) |
| 26:49 | Crear | Bombard Cannon |
| 27:15 | Crear | Villager (Male) |
| 27:15 | Crear | Villager (Male) |
| 27:16 | Crear | Villager (Male) |
| 27:32 | Crear | Villager (Male) |
| 27:58 | Crear | Villager (Male) |
| 27:58 | Crear | Villager (Male) |
| 28:32 | Crear | Mangonel |
| 28:36 | Crear | Bombard Cannon |
| 28:45 | Crear | Bombard Cannon |
| 28:55 | Crear | Villager (Male) |
| 28:55 | Crear | Villager (Male) |
| 28:55 | Crear | Villager (Male) |
| 28:56 | Crear | Villager (Male) |
| 28:57 | Crear | Villager (Male) |
| 28:57 | Crear | Villager (Male) |
| 29:09 | Construir | Castle |
| 29:15 | Crear | Villager (Male) |
| 29:15 | Crear | Villager (Male) |
| 29:15 | Crear | Villager (Male) |
| 29:33 | Construir | Barracks |
Build order — Da_Ch1LLa
Primeras 150 de 259 acciones detectadas
| 0:01 | Crear | Villager (Male) |
| 0:01 | Crear | Villager (Male) |
| 0:02 | Construir | House |
| 0:04 | Construir | House |
| 0:11 | Crear | Villager (Male) |
| 0:11 | Crear | Villager (Male) |
| 1:23 | Crear | Villager (Male) |
| 2:03 | Crear | Villager (Male) |
| 2:17 | Crear | Villager (Male) |
| 2:42 | Construir | Lumber Camp |
| 2:42 | Crear | Villager (Male) |
| 3:06 | Crear | Villager (Male) |
| 3:07 | Crear | Villager (Male) |
| 3:55 | Crear | Villager (Male) |
| 3:55 | Crear | Villager (Male) |
| 3:56 | Crear | Villager (Male) |
| 4:16 | Construir | House |
| 4:56 | Crear | Villager (Male) |
| 4:57 | Crear | Villager (Male) |
| 4:57 | Crear | Villager (Male) |
| 6:01 | Construir | House |
| 6:08 | Construir | Mill |
| 6:33 | Crear | Villager (Male) |
| 6:33 | Crear | Villager (Male) |
| 7:25 | Crear | Villager (Male) |
| 7:26 | Crear | Villager (Male) |
| 7:30 | Crear | Villager (Male) |
| 7:44 | Investigar | Feudal Age |
| 8:05 | Construir | Mining Camp |
| 8:56 | Construir | Mining Camp |
| 9:12 | Crear | Villager (Male) |
| 9:14 | Crear | Villager (Male) |
| 9:18 | Construir | Farm |
| 9:44 | Construir | Farm |
| 9:52 | Construir | Farm |
| 10:07 | Construir | House |
| 11:05 | Edad | Edad Feudal |
| 11:08 | Construir | Market |
| 11:12 | Construir | Blacksmith |
| 11:22 | Construir | Farm |
| 12:01 | Investigar | Castle Age |
| 12:39 | Crear | Villager (Male) |
| 12:39 | Crear | Villager (Male) |
| 13:09 | Construir | Outpost |
| 13:14 | Investigar | Town Watch |
| 13:18 | Crear | Villager (Male) |
| 13:18 | Crear | Villager (Male) |
| 13:19 | Crear | Villager (Male) |
| 13:32 | Construir | Lumber Camp |
| 13:39 | Investigar | Double-Bit Axe |
| 14:07 | Construir | House |
| 14:08 | Construir | House |
| 14:30 | Crear | Villager (Male) |
| 14:30 | Crear | Villager (Male) |
| 14:41 | Edad | Edad de los Castillos |
| 14:53 | Crear | Villager (Male) |
| 15:19 | Construir | Castle |
| 15:25 | Investigar | Loom |
| 15:58 | Crear | Villager (Male) |
| 15:59 | Crear | Villager (Male) |
| 15:59 | Crear | Villager (Male) |
| 16:00 | Crear | Villager (Male) |
| 16:00 | Crear | Villager (Male) |
| 16:16 | Construir | Town Center |
| 16:51 | Construir | Farm |
| 16:57 | Construir | Farm |
| 16:58 | Construir | Farm |
| 16:59 | Construir | Farm |
| 17:00 | Construir | Farm |
| 17:15 | Crear | Villager (Male) |
| 17:15 | Crear | Villager (Male) |
| 17:17 | Construir | Farm |
| 17:32 | Construir | Farm |
| 17:32 | Construir | Farm |
| 17:36 | Construir | Farm |
| 17:37 | Construir | Farm |
| 17:39 | Construir | Farm |
| 17:57 | Construir | Mining Camp |
| 18:27 | Crear | Villager (Male) |
| 18:27 | Crear | Villager (Male) |
| 18:28 | Crear | Villager (Male) |
| 18:28 | Crear | Villager (Male) |
| 18:40 | Crear | Villager (Male) |
| 19:03 | Investigar | Gold Mining |
| 19:19 | Crear | Gbeto |
| 19:33 | Crear | Gbeto |
| 19:35 | Crear | Gbeto |
| 19:46 | Crear | Villager (Male) |
| 19:52 | Construir | Farm |
| 20:00 | Crear | Villager (Male) |
| 20:03 | Construir | Farm |
| 20:08 | Crear | Villager (Male) |
| 20:15 | Construir | House |
| 20:34 | Crear | Villager (Male) |
| 20:41 | Construir | Farm |
| 20:42 | Crear | Villager (Male) |
| 20:43 | Crear | Villager (Male) |
| 21:23 | Construir | Castle |
| 21:41 | Crear | Villager (Male) |
| 21:41 | Crear | Villager (Male) |
| 21:42 | Crear | Villager (Male) |
| 21:43 | Crear | Villager (Male) |
| 21:43 | Crear | Villager (Male) |
| 21:47 | Construir | Farm |
| 21:52 | Construir | Farm |
| 21:55 | Construir | Farm |
| 22:05 | Construir | House |
| 22:11 | Crear | Villager (Male) |
| 22:11 | Crear | Villager (Male) |
| 22:44 | Crear | Villager (Male) |
| 22:44 | Crear | Villager (Male) |
| 22:46 | Crear | Villager (Male) |
| 22:47 | Crear | Villager (Male) |
| 23:21 | Construir | Farm |
| 23:23 | Construir | Farm |
| 23:28 | Crear | Villager (Male) |
| 23:38 | Crear | Villager (Male) |
| 23:39 | Crear | Villager (Male) |
| 23:41 | Construir | House |
| 23:51 | Investigar | Fletching |
| 23:56 | Crear | Villager (Male) |
| 24:00 | Crear | Villager (Male) |
| 24:44 | Construir | Watch Tower |
| 25:18 | Investigar | Imperial Age |
| 25:30 | Construir | Siege Workshop |
| 25:49 | Crear | Gbeto |
| 25:50 | Crear | Gbeto |
| 25:50 | Crear | Gbeto |
| 25:51 | Crear | Gbeto |
| 26:11 | Crear | Villager (Male) |
| 26:11 | Crear | Villager (Male) |
| 26:11 | Crear | Villager (Male) |
| 26:15 | Construir | Farm |
| 26:15 | Construir | Farm |
| 26:27 | Construir | Castle |
| 26:35 | Crear | Villager (Male) |
| 26:35 | Crear | Villager (Male) |
| 26:35 | Crear | Villager (Male) |
| 26:42 | Crear | Villager (Male) |
| 26:43 | Crear | Villager (Male) |
| 26:43 | Crear | Villager (Male) |
| 27:18 | Construir | House |
| 27:18 | Construir | House |
| 27:19 | Construir | House |
| 27:20 | Construir | House |
| 27:21 | Construir | House |
| 27:23 | Construir | House |
| 27:25 | Construir | House |
| 27:50 | Investigar | Scale Mail Armor |
| 27:50 | Investigar | Forging |
Cronología de la partida
| 10:18 | DoYouThinkThatsWise · age_up feudal |
| 11:05 | Da_Ch1LLa · age_up feudal |
| 14:41 | Da_Ch1LLa · age_up castle |
| 15:19 | Da_Ch1LLa · first_building Castle |
| 15:33 | DoYouThinkThatsWise · first_building Barracks |
| 15:39 | DoYouThinkThatsWise · age_up castle |
| 15:54 | DoYouThinkThatsWise · first_building Monastery |
| 16:12 | Da_Ch1LLa · first_market_buy 100 stone |
| 17:09 | DoYouThinkThatsWise · first_building Siege Workshop |
| 19:15 | DoYouThinkThatsWise · wall_segment Stone Wall x8 |
| 19:35 | DoYouThinkThatsWise · wall_segment Stone Wall x6 |
| 19:49 | DoYouThinkThatsWise · wall_segment Stone Wall x1 |
| 20:33 | DoYouThinkThatsWise · first_market_sell 100 wood |
| 24:15 | DoYouThinkThatsWise · age_up imperial |
| 25:09 | DoYouThinkThatsWise · first_building Castle |
| 25:30 | Da_Ch1LLa · first_building Siege Workshop |
| 28:28 | Da_Ch1LLa · age_up imperial |
| 32:01 | DoYouThinkThatsWise · first_market_buy 100 stone |
| 35:04 | DoYouThinkThatsWise · first_building Archery Range |
| 39:33 | DoYouThinkThatsWise · resign |
[ ANÁLISIS IA · 1 CRÉDITO ]
¿Qué pasó realmente en esta partida?
Wolo.gg analiza cada decisión: build order, eco, micro, errores típicos por bracket. Análisis personalizado por WhatsApp o Discord en 30 segundos.
Guía civ
Españoles
Guía mapa
Arena
Perfil
Jugador #2829665